Match 34049270
Unlisted

Match 34049270
End
Construct Barracks
Engineer Squad
Riflemen Squad
Selects Advanced Infantry Battlegroup
M1 Mortar Team
Selects Convert to Ranger Squad
Ranger Squad
Infantry Support Center
Construct Tank Depot
Ranger Squad
Convert to Ranger Squad
Selects Designate Assault Position
M4(105) Sherman Bulldozer
Engineer Squad
Selects Infantry Assault
M18 Hellcat Tank Destroyer
Engineer Squad
Construct Medical Station
Selects Artillery Observers
Selects M2A1 105mm Howitzer Emplacement
M18 Hellcat Tank Destroyer
Drax
The Major General
Bruistablet
MiskendTalent
0
0

Comments sign in to comment!

No comments posted yet!